 Dungeon Crawl Stone Soup version 0.30-a0-1114-gd936c97349 (webtiles) character file.

Game seed: 10487936382258229643

62 sampeng1 the Firebug (level 4, 0/35 HPs)
             Began as a Human Cinder Acolyte on Apr 21, 2023.
             Was a High Priest of Ignis.
             Slain by an adder (1 damage)
             ... on level 3 of the Dungeon.
             The game lasted 00:07:26 (2167 turns).

sampeng1 the Firebug (Human Cinder Acolyte)         Turns: 2167, Time: 00:07:26

Health: 0/35       AC:  2    Str: 15    XL:     4   Next: 28%
Magic:  1/6        EV: 11    Int: 16    God:    Ignis [*****.]
Gold:   194        SH:  0    Dex:  8    Spells: 4/6 levels left

rFire   + . .      SeeInvis .    a - +1 mace (flame)
rCold   . . .      Faith    .    (no shield)
rNeg    . . .      Spirit   .    b - +0 robe
rPois   .          Reflect  .    (no helmet)
rElec   .          Rampage  .    (no cloak)
rCorr   .                        (no gloves)
Will    .....                    (no boots)
Stlth   +                        (no amulet)
HPRegen 0.25/turn                (no ring)
MPRegen 0.10/turn                (no ring)

@: lethally poisoned (0 -> -2), very slightly contaminated
A: no striking features
a: Renounce Religion, Fiery Armour, Foxfire Swarm, Rising Flame


You were on level 3 of the Dungeon.
You worshipped Ignis.
Ignis was extremely pleased with you.
You visited 1 branch of the dungeon, and saw 3 of its levels.

You collected 194 gold pieces.

Inventory:

Hand Weapons
 a - a +1 mace of flaming (weapon)
Armour
 b - a +0 robe (worn)
 m - a +0 ring mail
Scrolls
 g - a scroll of teleportation
 j - a scroll of identify
Potions
 c - a potion of brilliance
 d - a potion of mutation {unknown}
 e - a potion of might {unknown}
 f - a potion of attraction {unknown}
 h - a potion of degeneration {unknown}
 i - 3 potions of curing {unknown}
 k - a potion of flight {unknown}
 l - a potion of cancellation {unknown}
 n - a potion of lignification {unknown}


   Skills:
 + Level 3.5 Fighting
 + Level 3.4 Maces & Flails
 + Level 1.9 Spellcasting
 + Level 3.5 Fire Magic


You had 4 spell levels left.
You knew the following spells:

 Your Spells              Type           Power      Damage    Failure   Level
a - Scorch                Fire           24%        2d6       8%          2

Your spell library contained the following spells:

 Spells                   Type           Power      Damage    Failure   Level
 Summon Guardian Golem    Hex/Summ       1%         N/A       54%         3
 Orb of Destruction       Conj           0%         9d5       100%        7
 Spellforged Servitor     Conj/Summ      0%         N/A       100%        7


Dungeon Overview and Level Annotations

Branches:
Dungeon (3/15)

Altars:


Message History

You barely miss the adder.
You feel very sick. The adder bites you. The orc hits you but does no damage.
The adder closely misses you.
You closely miss the adder.
You feel sick. The adder misses you. The orc hits you with a +0 short sword.
Casting: Scorch (safe; 8% risk of failure)
Confirm with . or Enter, or press ? or * to list all spells.
Flames lash the orc.
You kill the orc!
You feel sick. The adder barely misses you.
Casting: Scorch (safe; 8% risk of failure)
Confirm with . or Enter, or press ? or * to list all spells.
You miscast Scorch.
You are very lightly contaminated with residual magic.
Nothing appears to happen.
You feel sick. The adder barely misses you. x2
Casting: Scorch (safe; 8% risk of failure)
Confirm with . or Enter, or press ? or * to list all spells.
You don't have enough magic to cast this spell.
You barely miss the adder.
You feel sick. The adder closely misses you.
You miss the adder.
You feel sick. The adder bites you.
* * * LOW HITPOINT WARNING * * *
You are lethally poisoned!
The adder poisons you! The adder bites you but does no damage.
You hit the adder. You burn the adder.
The adder is moderately wounded.
* * * LOW HITPOINT WARNING * * *
You feel sick. The adder closely misses you. The adder barely misses you.
You hit the adder. You burn the adder. Your punch misses the adder.
The adder is almost dead.
* * * LOW HITPOINT WARNING * * *
You feel sick. The adder bites you but does no damage.
Casting: Scorch (safe; 8% risk of failure)
Confirm with . or Enter, or press ? or * to list all spells.
You don't have enough magic to cast this spell.
You miss the adder.
The adder is almost dead.
* * * LOW HITPOINT WARNING * * *
You feel sick. The adder bites you.
You die...

#....##.#####.#######
#.##..............<..
#....##.######.#####.
#.......# #.# #.
####.#### #.# #.
#...# #.# #. #...#
#.# ## #...# #.#
#.@.# #.. #).S#
....... ...........
#.............#
######...####.# .....
. ....#


You could see an adder.

Vanquished Creatures
  An adder (D:2)
  A worm (D:2)
  A dart slug (D:2)
  An orc (D:3)
  8 ball pythons
  4 endoplasms
  A giant cockroach (D:1)
  6 goblins
  5 hobgoblins
  A quokka (D:3)
  5 bats
  2 frilled lizards
  2 kobolds (D:2)
  6 rats
44 creatures vanquished.

Notes
Turn   | Place    | Note
-------+----------+-------------------------------------------
     0 | D:1      | sampeng1 the Human Cinder Acolyte began the quest for the
                  | Orb.
     0 | D:1      | Reached XP level 1. HP: 18/18 MP: 2/2
   171 | D:1      | Reached XP level 2. HP: 14/24 MP: 3/3
   285 | D:1      | Learned a level 2 spell: Scorch
   907 | D:2      | Reached XP level 3. HP: 26/29 MP: 5/5
  1539 | D:2      | Reached XP level 4. HP: 20/35 MP: 6/6
  2167 | D:3      | HP: 1/35 [poisoned by an adder]
  2167 | D:3      | Slain by an adder

Illustrated notes

Levels and vault maps discovered:
D:1:      nzn_arrival_crosshair, layout_basic, dreamdust_wishing_well
D:2:      kennysheep_big_flooded_room, layout_loops_ring, minmay_hedge_maze,
          hangedman_decor_peaks_small, minivault_24
D:3:      layout_loops_cross, zin_angel

Action                     |  1- 3 |  4- 6 || total
---------------------------+-------+-------++-------
  Melee: Mace              |   110 |    25 ||   135
         Punch             |     2 |       ||     2
   Cast: Scorch            |     6 |     2 ||     8
    Use: Scroll            |       |     7 ||     7
 Armour: Robe              |    23 |     3 ||    26
  Dodge: Dodged            |    55 |    21 ||    76

Table legend: (Time is in decaauts)
 A = Elapsed time spent in this place.
 B = Non-inter-level travel time spent in this place.
 C = Inter-level travel time spent in this place.
 D = Time resting spent in this place.
 E = Time spent auto-exploring this place.
 F = Levels seen in this place.
 G = Mean time per level.
                   A        B        C        D        E       F      G
               +--------+--------+--------+--------+--------+-----+--------+
         Total |   2198 |   2074 |    124 |      0 |   1307 |   3 |  732.7 |
       Dungeon |   2198 |   2074 |    124 |      0 |   1307 |   3 |  732.7 |
               +--------+--------+--------+--------+--------+-----+--------+

Top non-repeatable levels by time:
     D:2: 1117 daAuts
     D:1: 910 daAuts
     D:3: 171 daAuts
